[Event "1st Irena Warakomska Memorial"]
[Site "Suwalki"]
[Date "2017.08.18"]
[Round "9"]
[White "Sowul, Bartosz"]
[Black "Kulon, Klaudia"]
[Result "1-0"]
[ECO "A45"]
[WhiteElo "2183"]
[BlackElo "2359"]
[Annotator "ChessBase"]
[PlyCount "73"]
[EventDate "2017.??.??"]
[EventType "swiss"]
[EventCountry "POL"]
[SourceTitle "playchess.com"]
[Source "ChessBase"]
[SourceQuality "1"]
[TimeControl "40/5400+30:1800+30"]

1. d4 Nf6 2. Bg5 d5 3. Bxf6 gxf6 4. c4 c6 5. e3 Bf5 6. Nc3 e6 7. Nge2 Bd6 8. Ng3 Bg6 9. Qb3 Qd7 10. Be2 h5 11. c5 Be7 12. h4 Qc7 13. Qd1 b6 14. cxb6 Qxb6 15. Na4 Qa5+ 16. Kf1 Bd6 17. Rh3 Nd7 18. Rc1 Ke7 19. a3 Nb6 20. Nc5 Rab8 21. e4 Nc4 22. b4 Qb5 23. Bxc4 dxc4 24. Qe2 a5 25. Nf5+ Bxf5 26. exf5 axb4 27. a4 Qa5 28. fxe6 Bxc5 29. exf7+ Kf8 30. dxc5 c3 31. Re1 Qc7 32. Qe6 Qxf7 33. Qd6+ Kg8 34. Rg3+ Kh7 35. Re7 Rb7 36. Qd3+ f5 37. Qxf5+ 1-0